 Dungeon Crawl Stone Soup version 0.28.0-45-g0d030f2227 (webtiles) character file.

Game seed: 7310470716769157930

555 pkoi the Ruffian (level 6, -14/51 HPs)
             Began as a Demigod Gladiator on Apr 24, 2022.
             Demolished by a komodo dragon (21 damage)
             ... on level 6 of the Dungeon.
             The game lasted 00:06:02 (6126 turns).

pkoi the Ruffian (Demigod Gladiator)                Turns: 6126, Time: 00:06:03

Health: -14/51     AC:  8    Str: 19    XL:     6   Next: 81%
Magic:  17/17      EV: 10    Int: 14    God:
Gold:   123        SH:  0    Dex: 15    Spells: 5/5 levels left

rFire   + . .      SeeInvis .     - Unarmed
rCold   . . .      Faith    .   (no shield)
rNeg    . . .      Spirit   .   m - +0 scale mail
rPois   .          Reflect  .   b - +1 helmet
rElec   .          Harm     .   (no cloak)
rCorr   .          Rampage  .   (no gloves)
Will    .....                   (no boots)
Stlth   ..........              (no amulet)
HPRegen 0.17/turn               h - ring of protection from fire
MPRegen 0.15/turn               i - ring of magical power

@: invisible
A: high MP 1, forlorn, divine attributes
a: no special abilities


You were on level 6 of the Dungeon.
You visited 1 branch of the dungeon, and saw 6 of its levels.

You collected 136 gold pieces.
You spent 13 gold pieces at shops.

Inventory:

Hand Weapons
 c - a +1 dagger of speed
 d - a +0 dagger
 l - a +4 mace
Missiles
 g - 3 poisoned darts (quivered)
Armour
 a - a +0 leather armour
 b - a +1 helmet (worn)
 j - a +0 ring mail
 m - a +0 scale mail (worn)
Jewellery
 h - a ring of protection from fire (left hand)
 i - a ring of magical power (right hand)
Scrolls
 e - a scroll of fear
 f - a scroll of fog
 o - a scroll of enchant weapon
 p - a scroll of enchant armour
Potions
 n - a potion of brilliance


   Skills:
 - Level 3.0 Fighting
 - Level 1.7 Throwing
 + Level 2.6 Dodging
 * Level 7.0 Unarmed Combat


You had 5 spell levels left.
You didn't know any spells.
Your spell library was empty.

Dungeon Overview and Level Annotations

Branches:
Dungeon (6/15)
 Temple: D:4-7

Shops:
D:1 *?   D:5 *

Annotations:
D:3 Sigmund
D:4 Pikel


Innate Abilities, Weirdness & Mutations

You have an increased reservoir of magic. (+10% MP)
You shall have no god before yourself.
Your divine heritage dramatically boosts your attributes as you level up.


Message History

Okay, then.
Unknown command.
Press: ? - help, v - describe, . - travel
Here: a komodo dragon The floor.
Press: ? - help, v - describe, . - travel
Here: a komodo dragon The floor.
You fade into invisibility!
You closely miss the komodo dragon. The komodo dragon bites you.
You punch the komodo dragon!
The komodo dragon is moderately wounded.
The komodo dragon barely misses you.
You hit the komodo dragon.
The komodo dragon is moderately wounded.
The komodo dragon bites you!
* * * LOW HITPOINT WARNING * * *
You hit the komodo dragon.
The komodo dragon is moderately wounded.
You punch the komodo dragon!
The komodo dragon is heavily wounded.
The komodo dragon bites you.
* * * LOW HITPOINT WARNING * * *
You hit the komodo dragon but do no damage.
The komodo dragon is heavily wounded.
The komodo dragon completely misses you.
You hit the komodo dragon.
The komodo dragon is heavily wounded.
The komodo dragon bites you!!
* * * LOW HITPOINT WARNING * * *
You hit the komodo dragon.
The komodo dragon is heavily wounded.
The komodo dragon misses you.
You closely miss the komodo dragon.
The komodo dragon is heavily wounded.
The komodo dragon barely misses you.
You completely miss the komodo dragon. Your punch misses the komodo dragon.
The komodo dragon is heavily wounded.
The komodo dragon bites you!!
You die...

#########################
#...)...................#
#..............l@........
#..######.#############.#
#.......#.#....l...
#..####.#.#.#### ...#
#l#....# ##.#.####.####.#
...#.........l.#
...#############
.........


You could see a komodo dragon.

Vanquished Creatures
  An ice beast (D:5)
  An ogre (D:4)
  A necrophage (D:5)
  3 lemures
  A wyvern zombie (D:5)
  3 hounds (D:5)
  A jelly (D:5)
  A centaur skeleton (D:6)
  Terence (D:3)
  An ufetubus (D:4)
  A worm (D:2)
  A dart slug (D:1)
  4 orcs (D:4)
  4 endoplasms
  2 giant cockroaches
  4 goblins
  4 hobgoblins
  3 jackals (D:2)
  4 kobolds (D:1)
  4 quokkas
  9 ball pythons
  4 bats
  3 frilled lizards (D:2)
  3 rats (D:1)
64 creatures vanquished.

Notes
Turn   | Place    | Note
-------+----------+-------------------------------------------
     0 | D:1      | pkoi the Demigod Gladiator began the quest for the Orb.
     0 | D:1      | Reached XP level 1. HP: 17/17 MP: 3/3
    26 | D:1      | Found Tysm's Magic Scroll Shoppe.
    97 | D:1      | Reached skill level 3 in Unarmed Combat
   526 | D:1      | Reached XP level 2. HP: 18/24 MP: 4/4
  1012 | D:1      | Found Wimoiges's General Store.
  1033 | D:1      | Bought a potion of degeneration for 13 gold pieces
  1089 | D:1      | You fall into a shaft and drop 1 floor!
  1835 | D:2      | Reached XP level 3. HP: 28/29 MP: 5/5
  2028 | D:2      | Reached skill level 4 in Unarmed Combat
  2549 | D:3      | Noticed Terence
  2566 | D:3      | Killed Terence
  2956 | D:3      | Noticed Sigmund
  3463 | D:4      | Reached XP level 4. HP: 36/36 MP: 6/6
  3497 | D:4      | Noticed a lemure
  3509 | D:4      | Noticed a lemure
  3510 | D:4      | Noticed Pikel
  3539 | D:5      | Entered Level 5 of the Dungeon
  3549 | D:5      | Killed a lemure
  3674 | D:5      | Noticed a necrophage
  3708 | D:5      | Killed a necrophage
  3709 | D:5      | Reached skill level 5 in Unarmed Combat
  3709 | D:5      | Reached XP level 5. HP: 17/41 MP: 7/7
  3977 | D:5      | Noticed an ice beast
  4011 | D:5      | Killed an ice beast
  4021 | D:5      | Reached skill level 6 in Unarmed Combat
  4486 | D:5      | Reached XP level 6. HP: 46/50 MP: 8/8
  4555 | D:5      | Found Gozag's Platinum Reserve.
  5019 | D:4      | Paralysed by Pikel for 5 turns
  5494 | D:4      | Paralysed by Pikel for 3 turns
  5505 | D:4      | Paralysed by Pikel for 7 turns
  5514 | D:4      | Paralysed by Pikel for 6 turns
  6054 | D:6      | Reached skill level 7 in Unarmed Combat
  6094 | D:6      | Noticed a komodo dragon
  6126 | D:6      | Demolished by a komodo dragon

Illustrated notes

Levels and vault maps discovered:
D:1:      nicolae_arrival_washed_ashore, layout_rooms, serial_shops, shop,
          nicolae_diamond_shop, supply_closet_lemuel, moated_statue,
          minmay_tall_x
D:2:      layout_basic, ebering_ecumenical_altar_webs, st_stairs_3
D:3:      layout_basic, mainiacjoe_overflow_alcove_2, ebering_ghost_gozag,
          uniq_terence, uniq_sigmund
D:4:      layout_basic, uniq_pikel, uniq_grinder
D:5:      layout_loops_cross, nicolae_gozag_zags_fifth_avenue, bloody_trog,
          mainiacjoe_overflow_alcove_1, ebering_dispersal_statue_hall
D:6:      layout_basic, nicolae_ru_great_annihilating_truth,
          minmay_temple_entry_glass, hangedman_abyss_or_decor_jellyfish_corner,
          roderic_lattice_a

Skill      XL: |  1  2  3  4  5  6 |
---------------+-------------------+-----
Unarmed Combat | 3 4 5 6 7 |  7.0
Fighting       | 2 3 |  3.0
Throwing       | |  1.7
Dodging        | |  2.6

Action                   |  1- 3 |  4- 6 || total
-------------------------+-------+-------++-------
Melee: Unarmed           |   168 |   169 ||   337
       Punch             |     4 |     5 ||     9
Throw: Dart              |     6 |       ||     6
       Throwing net      |     3 |       ||     3
  Use: Scroll            |     5 |     3 ||     8
       Potion            |     2 |     4 ||     6
 Stab: Invisible         |       |     5 ||     5
Armor: Leather armour    |    21 |       ||    21
       Scale mail        |    66 |    67 ||   133
Dodge: Dodged            |   123 |    68 ||   191
